 Dungeon Crawl Stone Soup version 0.30-a0-634-g8abc85282e (webtiles) character file.

Game seed: 15899905198400417450

1 Leeroy the Grasshopper (level 1, -1/12 HPs)
             Began as a Tengu Warper on Jan 14, 2023.
             Slain by a goblin
             ... wielding a +0 club
              (4 damage)
             ... on level 1 of the Dungeon.
             The game lasted 00:00:10 (163 turns).

Leeroy the Grasshopper (Tengu Warper)                Turns: 163, Time: 00:00:11

Health: -1/12      AC:  3    Str: 11    XL:     1   Next: 20%
Magic:  4/4        EV: 11    Int: 13    God:
Gold:   39         SH:  0    Dex: 13    Spells: 4/4 levels left

rFire   . . .      SeeInvis .    a - +0 falchion
rCold   . . .      Faith    .    (no shield)
rNeg    . . .      Spirit   .    b - +0 leather armour
rPois   .          Reflect  .    (helmet restricted)
rElec   .          Harm     .    (no cloak)
rCorr   .          Rampage  .    (no gloves)
Will    .....                    (boots unavailable)
Stlth   +                        (no amulet)
HPRegen 0.22/turn                (no ring)
MPRegen 0.09/turn                (no ring)

@: no status effects
A: beak, talons 3
a: no special abilities


You were on level 1 of the Dungeon.
You visited 1 branch of the dungeon, and saw 1 of its levels.

You collected 39 gold pieces.

Inventory:

Hand Weapons
 a - a +0 falchion (weapon)
Missiles
 d - 7 boomerangs of dispersal (quivered)
Armour
 b - a +0 leather armour (worn)
Jewellery
 e - an amulet of the acrobat
Scrolls
 c - a scroll of blinking
 f - a scroll of noise {unknown}
Potions
 g - a potion of flight {unknown}
 h - a potion of invisibility {unknown}


   Skills:
 - Level 2.0 Fighting
 + Level 2.3 Long Blades
 - Level 1.0 Throwing
 - Level 1.1 Armour
 - Level 2.1 Dodging
 - Level 2.0 Spellcasting
 - Level 2.4 Translocations


You had 4 spell levels left.
You didn't know any spells.
Your spell library contained the following spells:

 Spells                   Type           Power      Damage    Failure   Level
 Blink                    Tloc           14%        N/A       19%         2
 Lesser Beckoning         Tloc           14%        N/A       36%         3
 Teleport Other           Tloc           7%         N/A       36%         3
 Vhi's Electric Charge    Tloc/Air       8%         N/A       52%         3
 Manifold Assault         Tloc           7%         N/A       77%         4


Dungeon Overview and Level Annotations

Branches:
Dungeon (1/15)

Altars:


Innate Abilities, Weirdness & Mutations

You have a beak for a mouth.
You have claws for feet.


Message History

You closely miss the quokka. You peck the quokka.
The quokka is almost dead.
The quokka barely misses you. The quokka closely misses you.
You hit the quokka.
You kill the quokka!
No target in view!
No target in view!
No target in view!
Found a mace.
You see here a +0 mace.
g - a fizzy green potion
h - a murky grey potion No target in view!
You now have 28 gold pieces (gained 15).
Found a stone staircase leading down.
There is a stone staircase leading down here.
You now have 39 gold pieces (gained 11).
A goblin comes into view. It is wielding a +0 club.
A goblin is nearby!
The goblin shouts!
No target in view!
No target in view!
No target in view!
No target in view!
Found 9 gold pieces.
The goblin hits you with a +0 club.
You closely miss the goblin. Your kick misses the goblin.
The goblin barely misses you.
You closely miss the goblin. You peck the goblin.
The goblin is severely wounded.
The goblin hits you with a +0 club. x2
* * * LOW HITPOINT WARNING * * *
You are too injured to fight recklessly!
You are too injured to fight recklessly!
You are too injured to fight recklessly!
You are too injured to fight recklessly!
A goblin is nearby!
You hit the goblin but do no damage. Your kick misses the goblin.
The goblin is severely wounded.
The goblin hits you with a +0 club.
You die...

#..... #.##.#
#.##.##
########.#...####.
#.................
# .
#>######.#...####
.#.. #.# #......#
....# #.#
#.##.#.####....##
#.#
#........@g......
#.#
######..###...###
#.#
#...............$
#.#
#.#####.###..####
#.# #.# .. #.# #.#
#.# #.# #.# #.#
..# #.# ♣.♣♣


You could see a goblin.

Vanquished Creatures
  A quokka (D:1)
1 creature vanquished.

Notes
Turn   | Place    | Note
-------+----------+-------------------------------------------
     0 | D:1      | Leeroy the Tengu Warper began the quest for the Orb.
     0 | D:1      | Reached XP level 1. HP: 12/12 MP: 4/4
   163 | D:1      | Slain by a goblin

Illustrated notes

Levels and vault maps discovered:
D:1:      heliophobic_arrival_enchanted_forest, layout_loops_ring,
          shapermc_ecumenical_altar_ellora

Action                   || total
-------------------------++-------
Melee: Falchion          ||     6
       Peck              ||     2
Dodge: Dodged            ||     4

Table legend: (Time is in decaauts)
 A = Elapsed time spent in this place.
 B = Non-inter-level travel time spent in this place.
 C = Inter-level travel time spent in this place.
 D = Time resting spent in this place.
 E = Time spent auto-exploring this place.
 F = Levels seen in this place.
 G = Mean time per level.
                   A        B        C        D        E       F      G
               +--------+--------+--------+--------+--------+-----+--------+
         Total |    164 |    164 |      0 |      0 |    144 |   1 |  164.0 |
       Dungeon |    164 |    164 |      0 |      0 |    144 |   1 |  164.0 |
               +--------+--------+--------+--------+--------+-----+--------+

Top non-repeatable levels by time:
     D:1: 164 daAuts
